 Dungeon Crawl Stone Soup version 0.26.1-2-gb8aa6d0cf2 (webtiles) character file.

Game seed: 6303797920112819086

3833 nightchill the Grappler (level 10, -1/96 HPs)
             Began as a Ghoul Monk on Mar 22, 2021.
             Was an Elder of Makhleb.
             Slain by a vampire (6 damage)
             ... on level 9 of the Dungeon.
             The game lasted 00:11:09 (6872 turns).

nightchill the Grappler (Ghoul Monk)                Turns: 6872, Time: 00:11:10

Health: -1/96      AC: 11    Str: 19    XL:     10   Next: 18%
Magic:  12/12      EV:  6    Int:  5    God:    Makhleb [****..]
Gold:   358        SH:  0    Dex: 11    Spells: 9/9 levels left

rFire    . . .     SeeInvis .     - Unarmed
rCold    + . .     Faith    +   (no shield)
rNeg     + + +     Spirit   .   j - +0 plate armour
rPois    ∞         Reflect  .   (no helmet)
rElec    .         Harm     .   (no cloak)
rCorr    .         Rampage  .   (no gloves)
Will     .....                  f - +0 pair of boots
Stlth    ..........             s - amulet of faith
HPRegen  0.00/turn              (no ring)
MPRegen  0.13/turn              (no ring)

@: no status effects
A: claws 1, cold resistance 1, negative energy resistance 3, inhibited
regeneration, torment resistance, unbreathing
a: Renounce Religion, Minor Destruction, Lesser Servant of Makhleb, Major
Destruction


You were on level 9 of the Dungeon.
You worshipped Makhleb.
Makhleb was greatly pleased with you.
You visited 1 branch of the dungeon, and saw 10 of its levels.

You collected 358 gold pieces.

Inventory:

Hand Weapons
 B - the +4 long sword of Ancient Evil {drain, *Contam rElec rF++ SInv}
   (You took it off a big kobold on level 6 of the Dungeon)

   A truly terrible weapon, it drains the life of those it strikes.
   It greatly protects you from fire.
   It insulates you from electricity.
   It lets you see invisible.
   It causes magical contamination when unequipped.
 D - the +7 trident of Duass {flame, Dex+5, unknown}
   (You found it on level 9 of the Dungeon)

   It has been specially enchanted to burn those struck by it, causing extra
   injury to most foes and up to half again as much damage against particularly
   susceptible opponents.
   It affects your dexterity (+5).
Missiles
 u - 2 datura-tipped darts (quivered)
 C - 8 curare-tipped darts
Armour
 a - a +0 robe
 d - a +0 ring mail
 f - a +0 pair of boots (worn)
 g - a +0 chain mail
 j - a +0 plate armour (worn)
Jewellery
 o - an uncursed amulet of the acrobat {unknown}
 s - an amulet of faith (around neck)
Wands
 v - a wand of digging (7)
 y - a wand of acid (7)
Scrolls
 b - 4 scrolls of remove curse
 e - a scroll of enchant armour {unknown}
 h - 4 scrolls of teleportation {unknown}
 i - a scroll of noise {unknown}
 k - a scroll of fog {unknown}
 l - a scroll of immolation {unknown}
 m - a scroll of amnesia {unknown}
 p - a scroll of blinking {unknown}
 t - a scroll of fear {unknown}
Potions
 c - 3 potions of curing
 n - 2 potions of might
 q - a potion of lignification {unknown}
 r - a potion of attraction
 w - 2 potions of magic {unknown}
 x - a potion of berserk rage {unknown}
 z - a potion of flight {unknown}
 A - a potion of brilliance {unknown}


   Skills:
 + Level 11.6 Fighting
 - Level 2.6 Dodging
 - Level 2.1 Stealth
 * Level 14.9 Unarmed Combat
 * Level 4.0 Invocations


You had 9 spell levels left.
You didn't know any spells.
Your spell library was empty.

Dungeon Overview and Level Annotations

Branches:
Dungeon (10/15)            Temple (0/1) D:5
   Lair: D:8-11         Orc: D:9-12

Altars:
Cheibriados
Fedhas
Makhleb
Nemelex Xobeh
Trog
Vehumet
The Shining One

Annotations:
D:9 exclusion: upstairs


Innate Abilities, Weirdness & Mutations

You thrive by killing the living.
You are immune to poison.
You have sharp fingernails.
Your flesh is cold resistant. (rC+)
You are immune to negative energy. (rN+++)
You do not regenerate when monsters are visible.
You are immune to unholy pain and torment.
You can survive without breathing.


Message History

* * * LOW HITPOINT WARNING * * *
Something bites you.
* * * LOW HITPOINT WARNING * * *
Your plate armour prevents you from hitting something.
You closely miss something. Something hits you but does no damage.
Something bites you!
* * * LOW HITPOINT WARNING * * *
You barely miss something. Something hits you!
* * * LOW HITPOINT WARNING * * *
Something bites you!
* * * LOW HITPOINT WARNING * * *
A demon appears!
Something hits you but does no damage. Something bites you but does no damage.
A demon appears!
Something hits you but does no damage. Something bites you.
* * * LOW HITPOINT WARNING * * *
Your hellwing closely misses something.
Your hellwing hits something but does no damage.
You closely miss something. Something hits you but does no damage.
Something bites you.
You die...

......................#
#......# #..........#
#......# #.....#####
#......# #.....#
#......# #.....# .....#
#######s##
.....####....(#l######
.............44.{....#
................@....#
###......#####.......#
# #......# #.......# #
#......# #.......# #
####...# #.......# #
#<[.# #.......# #[..#
#.......# #...#
######### #...#


You could see a scorpion, an iguana, a friendly orange demon (summoned) and a
friendly hellwing (summoned).

Vanquished Creatures
  A troll (D:9)
  A wyvern (D:8)
  Edmund (D:4)
  A sky beast (D:5)
  2 orc warriors (D:8)
  2 ice beasts
  5 ogres
  A phantom (D:5)
  A centaur (D:5)
  A big kobold (D:6)
  Blork the orc (D:6)
  2 scorpions
  4 howler monkeys
  A bullfrog zombie (D:8)
  A crimson imp (D:3)
  A quasit (D:9)
  A bullfrog skeleton (D:9)
  A centaur skeleton (D:5)
  3 hounds
  2 jellies (D:6)
  Jessica (D:2)
  2 iguanas
  4 worker ants
  6 orc wizards
  9 adders
  A gnoll (D:1)
  A white imp (D:6)
  4 ufetubi
  An ooze (D:3)
  3 worms
  An adder skeleton (D:6)
  An adder zombie (D:6)
  4 dart slugs
  4 leopard geckos
  20 orcs
  A ball python (D:3)
  12 bats
  7 giant cockroaches
  6 goblins
  7 hobgoblins
  4 jackals (D:1)
  25 kobolds
  4 quokkas
  9 frilled lizards
  A quokka skeleton (D:8)
  7 rats
178 creatures vanquished.

Vanquished Creatures (collateral kills)
  4 yaks (D:9)
  An orc warrior (D:9)
5 creatures vanquished.

Vanquished Creatures (others)
  5 fungi (D:9)
  64 plants
69 creatures vanquished.

Grand Total: 252 creatures vanquished

Notes
Turn   | Place    | Note
-------+----------+-------------------------------------------
     0 | D:1      | nightchill the Ghoul Monk began the quest for the Orb.
     0 | D:1      | Reached XP level 1. HP: 19/19 MP: 0/0
   130 | D:1      | Reached XP level 2. HP: 25/26 MP: 1/1
   447 | D:1      | Reached skill level 4 in Unarmed Combat
   447 | D:1      | Reached XP level 3. HP: 33/33 MP: 2/2
  1382 | D:2      | Reached XP level 4. HP: 24/40 MP: 3/3
  1537 | D:2      | Found a bloodstained altar of Trog.
  1800 | D:2      | Found a faded altar of an unknown god.
  1898 | D:2      | Noticed Jessica
  1911 | D:2      | Killed Jessica
  1912 | D:2      | Reached skill level 5 in Unarmed Combat
  2363 | D:3      | Found a sparkling altar of Nemelex Xobeh.
  2432 | D:3      | Reached XP level 5. HP: 46/47 MP: 4/4
  2643 | D:3      | Found a snail-covered altar of Cheibriados.
  2777 | D:3      | Found a radiant altar of Vehumet.
  2777 | D:3      | Found a burning altar of Makhleb.
  2850 | D:3      | Became a worshipper of Makhleb the Destroyer
  2850 | D:3      | Reached * piety under Makhleb
  2850 | D:3      | Reached ** piety under Makhleb
  2879 | D:3      | Reached skill level 6 in Unarmed Combat
  3126 | D:3      | Reached XP level 6. HP: 55/55 MP: 5/5
  3324 | D:4      | Reached skill level 14 in Unarmed Combat
  3324 | D:4      | Reached XP level 7. HP: 60/60 MP: 6/6
  3325 | D:4      | Reached XP level 8. HP: 82/82 MP: 7/7
  3909 | D:4      | Noticed Edmund
  3921 | D:4      | Killed Edmund
  3922 | D:4      | Reached skill level 1 in Invocations
  4088 | D:5      | Entered Level 5 of the Dungeon
  4501 | D:5      | Found a glowing golden altar of the Shining One.
  4506 | D:5      | Found a staircase to the Ecumenical Temple.
  4540 | D:5      | Reached *** piety under Makhleb
  4638 | D:5      | Reached XP level 9. HP: 71/89 MP: 9/9
  4830 | D:5      | Found a blossoming altar of Fedhas.
  5352 | D:6      | Identified the +4 long sword of Ancient Evil {drain,
                  | *Contam rElec rF++ SInv}
  5513 | D:6      | Reached **** piety under Makhleb
  5656 | D:6      | Noticed Blork the orc
  5662 | D:6      | Killed Blork the orc
  5992 | D:7      | You fall into a shaft and drop 2 floors!
  6008 | D:9      | Got a faintly glowing trident
  6095 | D:8      | Noticed a cyclops
  6150 | D:9      | Reached XP level 10. HP: 7/96 MP: 11/11
  6805 | D:10     | Entered Level 10 of the Dungeon
  6872 | D:9      | Slain by a vampire

Illustrated notes

Levels and vault maps discovered:
D:1:      tarquinn_simple_flora_water_c, layout_loops_corners,
          minmay_misc_feat_tower, st_stairs_6, chequers_serial_rivers_large_b,
          nrook_campfire
D:2:      layout_basic, bloody_trog, chequers_ecumenical_altar_island,
          wad_floor_pattern_untrapped, patterned_corridor, uniq_jessica
D:3:      layout_loops_ring, grunt_temple_overflow_lords_of_destruction,
          kennysheep_slug_shrine, nemelex_xobeh_ov_fountains_minmay,
          minmay_between
D:4:      layout_basic, nrook_loot_triangle, uniq_edmund
D:5:      layout_loops_cross, kennysheep_mini_moat,
          minmay_temple_entry_butterflies, fedhas_altar_1
D:6:      kennysheep_kobold_camp, layout_cave_pools, uniq_blork_the_orc
D:7:      layout_loops_ring, nzn_ghost_randoct, minmay_quadrilaterals
D:8:      cheibrodos_fzero, layout_layer_cave, serial_shops, shop, st_stairs_8,
          grunt_tough_drop
D:9:      minmay_statue_hallways, layout_basic, dpeg_oklobed_lair
D:10:     layout_gridville, erik_orc_2, uniq_grum

Skill      XL: |  1  2  3  4  5  6  7  8  9 10 |
---------------+-------------------------------+-----
Unarmed Combat | 4 5 6 14 | 14.9
Fighting       | 4 11 | 11.6
Invocations    | 1 3 4 |  4.0
Dodging        | |  2.6
Stealth        | |  2.1

Action                   |  1- 3 |  4- 6 |  7- 9 | 10-12 || total
-------------------------+-------+-------+-------+-------++-------
Melee: Unarmed           |    99 |   149 |   236 |    36 ||   520
       Punch             |       |     1 |     7 |     4 ||    12
Invok: Lesser Servant of |       |       |     3 |     2 ||     5
  Use: Scroll            |       |     4 |     2 |       ||     6
       Potion            |       |     1 |     1 |       ||     2
 Stab: Sleeping          |     2 |     1 |       |       ||     3
Armor: Robe              |     6 |       |       |       ||     6
       Ring mail         |    31 |    45 |     7 |       ||    83
       Plate armour      |       |       |    94 |    27 ||   121
Dodge: Dodged            |    59 |    82 |    54 |    21 ||   216
